 Dungeon Crawl Stone Soup version 0.21-a0-633-g4c047d5 (webtiles) character file.

54 Lanoc the Ducker (level 3, -5/20 HPs)
             Began as a Spriggan Monk on Dec 28, 2017.
             Slain by a worm (11 damage)
             ... on level 2 of the Dungeon.
             The game lasted 00:04:49 (1244 turns).

Lanoc the Ducker (Spriggan Monk)                    Turns: 1244, Time: 00:04:50

Health: -5/20      AC:  2    Str:  7    XL:     3   Next: 66%
Magic:  4/4        EV: 21    Int: 11    God:
Gold:   133        SH:  0    Dex: 19    Spells: 2/2 levels left

rFire    . . .     SeeInvis +   a - +0 short sword
rCold    . . .     Gourm    .   (shield restricted)
rNeg     . . .     Faith    .   b - +0 robe
rPois    .         Spirit   .   (helmet restricted)
rElec    .         Reflect  .   (no cloak)
rCorr    .         Harm     .   (gloves unavailable)
MR       .....                  (boots unavailable)
Stlth    +++.......             (no amulet)
HPRegen  0.06/turn              (no ring)
MPRegen  0.09/turn              (no ring)

@: very quick
A: very small, unfitting armour, see invisible, herbivore, speed 3, slow
metabolism 2
a: no special abilities


You were on level 2 of the Dungeon.
You were not hungry.

You visited 1 branch of the dungeon, and saw 2 of its levels.

You collected 133 gold pieces.

Inventory:

Hand Weapons
 a - a +0 short sword (weapon)
 j - a +0 hunting sling
Missiles
 h - 29 arrows
Armour
 b - a +0 robe (worn)
Scrolls
 d - 2 scrolls of identify {unknown}
 e - 3 scrolls of remove curse {unknown}
 f - 2 scrolls of amnesia {unknown}
Potions
 g - 2 potions of cancellation {unknown}
 i - a potion of curing {unknown}
 k - a potion of magic {unknown}
 l - a potion of brilliance {unknown}
 m - a potion of agility {unknown}
Comestibles
 c - 4 rations


   Skills:
 + Level 3.0 Fighting
 - Level 3.8 Short Blades
 + Level 5.4 Dodging
 - Level 3.0 Stealth


You had 2 spell levels left.
You didn't know any spells.

Dungeon Overview and Level Annotations

Branches:
Dungeon (2/15)

Altars:
Okawaru


Innate Abilities, Weirdness & Mutations

You are very small and have problems with some larger weapons.
You are too small for most types of armour.
You have supernaturally acute eyesight. (SInv)
You are a herbivore.
You cover ground extremely quickly.
You need consume almost no food.


Message History

h - 29 arrows (gained 16)
m - a blue potion
e - 3 scrolls labeled DOLUAG CYXTI (gained 1)
Found a stone staircase leading up.
A worm comes into view.
A giant cockroach comes into view.
You hit the worm.
The worm is lightly wounded.
The worm bites you.
You barely miss the worm.
The worm is lightly wounded.
You hit the worm.
The worm is moderately wounded.
The worm bites you!
* * * LOW HITPOINT WARNING * * *
You hit the worm but do no damage.
The worm is moderately wounded.
The worm bites you!
Ouch! That really hurt!
You die...

... ## ############
...s # ..
.......†.... ...
.#.## ############
... .... #.##..#
.....# #sw.######
#.@....... #..#######
##
#........#########.
#.######.........#.
#.# ########......
#.# #.............
######## #.#
#.#####.......
.......########.###
#.......
....#...#.........##.
####.......


You could see a worm and a giant cockroach.

Vanquished Creatures
  An adder (D:2)
  An ooze (D:1)
  A dart slug (D:1)
  A ball python (D:1)
  6 goblins
  2 hobgoblins
  9 jackals
  4 kobolds
  3 bats
  6 frilled lizards
  3 rats (D:1)
37 creatures vanquished.

Notes
Turn   | Place    | Note
-------+----------+-------------------------------------------
     0 | D:1      | Lanoc the Spriggan Monk began the quest for the Orb.
     0 | D:1      | Reached XP level 1. HP: 11/11 MP: 2/2
   259 | D:1      | Reached XP level 2. HP: 8/16 MP: 3/3
   489 | D:1      | Reached skill level 5 in Dodging
   646 | D:1      | Reached XP level 3. HP: 16/19 MP: 4/4
  1120 | D:2      | Found an iron altar of Okawaru.
  1244 | D:2      | Slain by a worm

Vault maps used:
D:1:      saegor_arrival_simple_b, minmay_lizard_king
D:2:      okawaru_ov_weapons_minmay

Skill      XL: |  1  2  3 |
---------------+----------+-----
Dodging        | 5 |  5.4
Fighting       | 3 |  3.0
Short Blades   | |  3.8
Stealth        | |  3.0

Action                   || total
-------------------------++-------
Melee: Short sword       ||   179
 Stab: Sleeping          ||     6
Armor: Robe              ||    12
Dodge: Dodged            ||   158

Table legend:
 A = Spawn XP
 B = Non-spawn XP
 C = Spawn XP percentage of total XP
 D = Spawn monster count
 E = Non-spawn monster count
 F = Spawn count percentage of total count
 G = Total turns spent on level
                    A         B        C        D         E        F      G
               +---------+---------+-------+---------+---------+-------+---------
         Total |       0 |      78 |   0.0 |       0 |      37 |   0.0 |  1244
               +---------+---------+-------+---------+---------+-------+---------
           D:1 |       0 |      41 |   0.0 |       0 |      23 |   0.0 |   765
           D:2 |       0 |      37 |   0.0 |       0 |      14 |   0.0 |   479
               +---------+---------+-------+---------+---------+-------+---------
